 Dungeon Crawl Stone Soup version 0.30-a0-867-g305f33218d (webtiles) character file.

Game seed: 9718246896634465071

531 cheesebisquit the Purveyor of Pain (level 7, -16/46 HPs)
             Began as a Mummy Necromancer on Mar 10, 2023.
             Was an Initiate of Kikubaaqudgha.
             Demolished by an ogre
             ... wielding a +0 giant club
              (22 damage)
             ... on level 4 of the Dungeon.
             The game lasted 00:12:59 (3436 turns).

cheesebisquit the Purveyor of Pain (MuNe)           Turns: 3436, Time: 00:13:00

Health: -16/46     AC:  4    Str: 11    XL:     7   Next: 3%
Magic:  9/15       EV: 12    Int: 16    God:    Kikubaaqudgha [......]
Gold:   193        SH:  0    Dex: 13    Spells: 4/17 levels left

rFire   x . .      SeeInvis .    m - +0 flail (heavy)
rCold   + . .      Faith    +    (no shield)
rNeg    + + +      Spirit   .    a - +0 robe
rPois   ∞          Reflect  .    (no helmet)
rElec   .          Rampage  .    (no cloak)
rCorr   +                        (no gloves)
Will    .....                    f - +1 pair of boots
Stlth   ++                       (no amulet)
HPRegen 0.27/turn                j - ring of resist corrosion
MPRegen 0.14/turn                (no ring)

@: no status effects
A: cold resistance 1, negative energy resistance 3, torment resistance 2, heat
vulnerability 1, in touch with death 1, no potions, faith
a: Renounce Religion


You were on level 4 of the Dungeon.
You worshipped Kikubaaqudgha.
Kikubaaqudgha was noncommittal.
You visited 1 branch of the dungeon, and saw 4 of its levels.

You collected 193 gold pieces.

Inventory:

Hand Weapons
 b - a +0 dagger
 d - a +0 whip
 m - a +0 heavy flail (weapon)
Missiles
 n - 12 poisoned darts
Armour
 a - a +0 robe (worn)
 f - a +1 pair of boots (worn)
Jewellery
 j - a ring of resist corrosion (left hand)
 o - a ring of see invisible
 q - a +6 ring of dexterity
Wands
 r - a wand of mindburst (16)
Scrolls
 c - a scroll of blinking {unknown}
 e - 6 scrolls of identify {unknown}
 g - 2 scrolls of vulnerability {unknown}
 h - a scroll of fear {unknown}
 i - 5 scrolls of teleportation {unknown}
 k - a scroll of fog {unknown}
 l - a scroll of amnesia {unknown}
 p - a scroll of immolation {unknown}


   Skills:
 - Level 1.5 Dodging
 - Level 1.5 Stealth
 + Level 5.7 Spellcasting
 * Level 7.3 Necromancy


You had 4 spell levels left.
You knew the following spells:

 Your Spells              Type           Power      Damage    Failure   Level
a - Necrotise             Necr           100%       1d9       1%          1
b - Vampiric Draining     Necr           42%        2d9       1%          3
c - Animate Dead          Necr           42%        N/A       7%          4
d - Agony                 Necr           42%        N/A       19%         5

Your spell library contained the following spells:

 Spells                   Type           Power      Damage    Failure   Level
 Freeze                   Ice            16%        1d4       14%         1
 Frozen Ramparts          Ice            8%         1d2       38%         3
 Hailstorm                Conj/Ice       4%         3d4       38%         3
 Summon Forest            Summ/Tloc      2%         N/A       98%         5
 Summon Mana Viper        Hex/Summ       4%         N/A       98%         5
 Summon Cactus Giant      Summ           2%         N/A       100%        6
 Chain Lightning          Conj/Air       2%         3d2       100%        9
 Fire Storm               Conj/Fire      2%         8d1       100%        9
 Shatter                  Erth           2%         3d6*      100%        9


Dungeon Overview and Level Annotations

Branches:
Dungeon (4/15)
 Temple: D:4-7

Altars:
Kikubaaqudgha
Ru

Shops:
D:3 !


Innate Abilities, Weirdness & Mutations

You are immune to poison.
Your flesh is cold resistant. (rC+)
You are immune to negative energy. (rN+++)
You are immune to unholy pain and torment.
You are vulnerable to heat. (rF-)
You are in touch with the powers of death.
You do not drink.
You have a special connection with the divine. (Faith)


Message History

You have reached level 7!
q - a +6 ring of dexterity
Things that are here:
a +0 rapier; a +0 leather armour
Found an escape hatch in the floor.
r - a wand of mindburst (16) Eustachio crumbles into dust!
There is an escape hatch in the floor here.
An endoplasm comes into view.
You feel a surge of power!
The endoplasm writhes in agony.
You feel a surge of power!
The endoplasm writhes in agony.
You kill the endoplasm!
Kikubaaqudgha accepts your kill.
An ogre comes into view. It is wielding a +0 giant club.
You feel a surge of power!
The ogre shouts!
The ogre writhes in agony!
You feel a surge of power!
The ogre writhes in agony.
You feel a surge of power!
The ogre writhes in agony!
The ogre hits you with a +0 giant club.
You feel a surge of power!
The ogre writhes in agony.
The ogre hits you with a +0 giant club!!
You are too injured to fight recklessly!
Aiming: Necrotise (safe; 1% risk of failure)
Press: ? - help, Q - select action, (/) - cycle Shift-Dir - straight line, f/p - ogre
Aim: an ogre, wielding a +0 giant club (almost dead, chance to affect: 83%)
You feel a surge of power!
The ogre barely resists.
Aiming: Necrotise (safe; 1% risk of failure)
Press: ? - help, Q - select action, (/) - cycle Shift-Dir - straight line, f/p - ogre
Aim: an ogre, wielding a +0 giant club (almost dead, chance to affect: 83%)
You feel a surge of power!
The ogre writhes in agony.
The ogre hits you with a +0 giant club!
* * * LOW HITPOINT WARNING * * *
Aiming: Necrotise (safe; 1% risk of failure)
Press: ? - help, Q - select action, (/) - cycle Shift-Dir - straight line, f/p - ogre
Aim: an ogre, wielding a +0 giant club (almost dead, chance to affect: 83%)
You feel a surge of power!
The ogre writhes in agony.
The ogre hits you with a +0 giant club!!
You die...
Kikubaaqudgha rasps: "You have failed me!
Welcome... oblivion!"

#.>.....# #######
######.#######......
#....# #.......###
#.#### #.......###
#.# #........## #.#
#........## #.#
#........## #.#
#.........) #@#
########.## #O#
#..>....# .#.
#.####..# .# #.
###... ## ## #.....
#<..#.# .....#..#
#.......# ####.####


You could see an ogre.

Vanquished Creatures
  Eustachio (D:4)
  A steam dragon (D:4)
  2 hounds (D:4)
  An orc priest (D:3)
  2 iguanas (D:4)
  An orc wizard (D:3)
  4 adders (D:2)
  A dart slug (D:4)
  7 orcs
  5 endoplasms
  2 giant cockroaches
  6 goblins
  6 hobgoblins
  4 jackals (D:1)
  7 kobolds
  2 quokkas
  3 ball pythons
  3 bats (D:1)
  A frilled lizard (D:2)
  3 rats
62 creatures vanquished.

Vanquished Creatures (collateral kills)
  2 goblins (D:1)
2 creatures vanquished.

Grand Total: 64 creatures vanquished

Notes
Turn   | Place    | Note
-------+----------+-------------------------------------------
     0 | D:1      | cheesebisquit the Mummy Necromancer began the quest for the
                  | Orb.
     0 | D:1      | Reached XP level 1. HP: 13/13 MP: 4/4
    26 | D:1      | Found a faded altar of an unknown god.
   335 | D:1      | Reached XP level 2. HP: 19/19 MP: 1/6
   794 | D:2      | Gained mutation: You are in touch with the powers of death.
                  | [Mummy growth]
   794 | D:2      | Reached XP level 3. HP: 24/24 MP: 3/7
  1251 | D:2      | Reached skill level 5 in Necromancy
  1376 | D:2      | Reached XP level 4. HP: 30/30 MP: 6/9
  2024 | D:3      | Reached XP level 5. HP: 35/35 MP: 9/11
  2116 | D:3      | Found a sacrificial altar of Ru.
  2116 | D:3      | Found an ancient bone altar of Kikubaaqudgha.
  2130 | D:3      | Became a worshipper of Kikubaaqudgha
  2468 | D:3      | Found Yrphos's Distillery.
  2502 | D:4      | Reached skill level 6 in Necromancy
  2585 | D:4      | Learned a level 3 spell: Vampiric Draining
  2590 | D:4      | Learned a level 4 spell: Animate Dead
  2596 | D:4      | Learned a level 5 spell: Agony
  2865 | D:4      | Noticed a steam dragon
  2872 | D:4      | Reached XP level 6. HP: 32/41 MP: 8/13
  3035 | D:4      | Killed a steam dragon
  3036 | D:4      | Reached skill level 5 in Spellcasting
  3282 | D:4      | Noticed Eustachio
  3297 | D:4      | Killed Eustachio
  3298 | D:4      | Reached skill level 7 in Necromancy
  3298 | D:4      | Reached XP level 7. HP: 36/46 MP: 1/15
  3436 | D:4      | Demolished by an ogre

Illustrated notes

Levels and vault maps discovered:
D:1:      dpeg_arrival_court, layout_rooms, basic_ecumenical_altar,
          minmay_misc_feat_five, minmay_pentomino_u4
D:2:      layout_basic
D:3:      cheibrodos_pilgrimage, layout_rooms,
          chequers_temple_overflow_statue_of_worship, serial_shops, shop,
          chequers_serial_rivers_small_3, kennysheep_donut, hex_medium
D:4:      layout_loops_cross, uniq_eustachio

Skill      XL: |  1  2  3  4  5  6 |
---------------+-------------------+-----
Spellcasting   | 3 4 5 |  5.7
Necromancy     | 5 6 7 |  7.3
Dodging        | |  1.5
Stealth        | |  1.5

Action                     |  1- 3 |  4- 6 |  7- 9 || total
---------------------------+-------+-------+-------++-------
  Melee: Whip              |     4 |       |       ||     4
         Flail             |       |     3 |       ||     3
   Cast: Necrotise         |    57 |    91 |     9 ||   157
 Armour: Robe              |     2 |    18 |       ||    20
  Dodge: Dodged            |    10 |    21 |       ||    31

Table legend: (Time is in decaauts)
 A = Elapsed time spent in this place.
 B = Non-inter-level travel time spent in this place.
 C = Inter-level travel time spent in this place.
 D = Time resting spent in this place.
 E = Time spent auto-exploring this place.
 F = Levels seen in this place.
 G = Mean time per level.
                   A        B        C        D        E       F      G
               +--------+--------+--------+--------+--------+-----+--------+
         Total |   3442 |   3380 |     62 |    222 |   2636 |   4 |  860.5 |
       Dungeon |   3442 |   3380 |     62 |    222 |   2636 |   4 |  860.5 |
               +--------+--------+--------+--------+--------+-----+--------+

Top non-repeatable levels by time:
     D:2: 969 daAuts
     D:3: 875 daAuts
     D:4: 822 daAuts
     D:1: 776 daAuts
